APPY
KINGSPORT CHEROKEES @ BRISTOL BEES
06/30/1982
 
TOP OF THE 1ST
Kingsport Cherokees batting - Pitching for Bristol Bees : RHP Floyd Youmans
Pitching: RHP Floyd Youmans
Batting: SHB Terrence Derby 0-0: Ball
1-0: Foul Ball, location: 2F
1-1: Ground out 4-3 (Groundball, 4, EV 84.4 MPH)
Batting: RHB Joseph Kramer 0-0: Called Strike
0-1: Foul Ball, location: 2F
0-2: Foul Ball, location: 2F
0-2: Ball
1-2: Ball
2-2: Strikes out swinging
Batting: LHB Ronald Davis 0-0: Called Strike
0-1: Foul Ball, location: 2F
0-2: Ball
1-2: Ball
2-2: Fly out, F6 (Flyball, 6D, EV 83.1 MPH)
Top of the 1st over - 0 runs, 0 hits, 0 errors, 0 left on base; Kingsport 0 - Bristol 0
BOTTOM OF THE 1ST
Bristol Bees batting - Pitching for Kingsport Cherokees : RHP Ivan Vasquez
Pitching: RHP Ivan Vasquez
Batting: SHB Stan Jefferson 0-0: Called Strike
0-1: Ball
1-1: Ball
2-1: Ball
3-1: Fly out, F8 (Line Drive, 8LD, EV 91.9 MPH)
Batting: RHB Timothy Utecht 0-0: Called Strike
0-1: Ball
1-1: Ball
2-1: Ball
3-1: Base on Balls
Batting: LHB Joe Orsulak 0-0: Ball
1-0: Ball
2-0: SINGLE (Flyball, 4D, EV 92.5 MPH)
Timothy Utecht to second
Batting: SHB Dale Sveum 0-0: Fly out, F9 (Flyball, 9LM, EV 73.8 MPH)
Batting: RHB Jerome Kovar 0-0: Ball
1-0: DOUBLE (Flyball, 89XD, EV 104.4 MPH)
Timothy Utecht scores
Joe Orsulak to third
Runner from 3rd tries for Home, SAFE, throw by RF to trailing runner, SAFE at third!
Batting: SHB Bernie Tatis 0-0: Foul Ball, location: 2F
0-1: Ball
1-1: Ground out U3 (Groundball, 34, EV 76.3 MPH)
Bottom of the 1st over - 2 runs, 2 hits, 0 errors, 1 left on base; Kingsport 0 - Bristol 2
TOP OF THE 2ND
Kingsport Cherokees batting - Pitching for Bristol Bees : RHP Floyd Youmans
Batting: RHB James Hudson 0-0: Ball
1-0: Ball
2-0: Called Strike
2-1: Ball
3-1: Base on Balls
Batting: LHB Peter Camelo 0-0: Foul Ball, location: 2F
0-1: Ball
1-1: Called Strike
1-2: Ball
2-2: Foul Ball, location: 2F
2-2: Foul Ball, location: 2F
2-2: Ball
James Hudson steals 2nd base
3-2: Ground out 4-3 (Groundball, 4, EV 81.9 MPH)
James Hudson to third
Batting: RHB Timothy Smith 0-0: Ground out 6-3 (Groundball, 6, EV 89.4 MPH)
James Hudson scores
Batting: RHB Juan Baez 0-0: Ball
1-0: Ball
2-0: Ball
3-0: Base on Balls
Batting: RHB Glenn Edwards 0-0: Ball
1-0: Foul Ball, location: 2F
1-1: Fielders Choice at 2nd, 6-4 (Groundball, 6MD, EV 101.9 MPH)
Top of the 2nd over - 1 run, 0 hits, 0 errors, 1 left on base; Kingsport 1 - Bristol 2
BOTTOM OF THE 2ND
Bristol Bees batting - Pitching for Kingsport Cherokees : RHP Ivan Vasquez
Batting: RHB Glenallen Hill 0-0: Foul Ball, location: 2F
0-1: Ball
1-1: Foul Ball, location: 2F
1-2: Strikes out swinging
Batting: RHB Juan Burgos 0-0: Ball
1-0: Ball
2-0: Called Strike
2-1: SINGLE (Line Drive, 89S, EV 90.6 MPH)
Batting: RHB Rory Dixon 0-0: Foul Ball, location: 2F
0-1: Ball
1-1: Fly out, F8 (Flyball, 8LM, EV 81.3 MPH)
Batting: SHB Stan Jefferson 0-0: Called Strike
Juan Burgos steals 2nd base
0-1: Ground out 6-3 (Groundball, 56, EV 83.8 MPH)
Bottom of the 2nd over - 0 runs, 1 hit, 0 errors, 1 left on base; Kingsport 1 - Bristol 2
TOP OF THE 3RD
Kingsport Cherokees batting - Pitching for Bristol Bees : RHP Floyd Youmans
Batting: RHB Jose Sanchez 0-0: Ball
1-0: Ball
2-0: Foul Ball, location: 2F
2-1: Ball
3-1: Called Strike
3-2: Base on Balls
Batting: SHB Terrence Derby 0-0: Ball
1-0: Ball
2-0: Called Strike
2-1: Called Strike
2-2: Foul Ball, location: 2F
2-2: Foul Ball, location: 2F
2-2: Foul Ball, location: 2F
2-2: Foul Ball, location: 2F
2-2: Foul Ball, location: 2F
2-2: Ball
3-2: Foul Ball, location: 2F
3-2: Strikes out swinging
Batting: RHB Joseph Kramer 0-0: Ball
1-0: Foul Ball, location: 2F
1-1: Foul Ball, location: 2F
1-2: Ball
2-2: Fly out, F2 (Popup, 23F, EV 93.1 MPH)
Batting: LHB Ronald Davis 0-0: Ball
1-0: Ball
2-0: Called Strike
2-1: Called Strike
2-2: Ball
3-2: Base on Balls
Jose Sanchez to second
Batting: RHB James Hudson 0-0: Ball
1-0: Ball
2-0: Ball
3-0: Base on Balls
Jose Sanchez to third
Ronald Davis to second
Batting: LHB Peter Camelo 0-0: Ball
1-0: Swinging Strike
1-1: Fly out, F5 (Popup, 25, EV 85.0 MPH)
Top of the 3rd over - 0 runs, 0 hits, 0 errors, 3 left on base; Kingsport 1 - Bristol 2
BOTTOM OF THE 3RD
Bristol Bees batting - Pitching for Kingsport Cherokees : RHP Ivan Vasquez
Batting: RHB Timothy Utecht 0-0: Foul Ball, location: 2F
0-1: Ball
1-1: Foul Ball, location: 2F
1-2: Fly out, F9 (Flyball, 9LM, EV 84.4 MPH)
Batting: LHB Joe Orsulak 0-0: Fly out, F9 (Flyball, 9D, EV 89.4 MPH)
Batting: SHB Dale Sveum 0-0: DOUBLE (Flyball, 78D, EV 96.9 MPH)
Batting: RHB Jerome Kovar 0-0: Swinging Strike
0-1: Foul Ball, location: 2F
0-2: TRIPLE (Flyball, 78XD, EV 103.8 MPH)
Dale Sveum scores
Batting: SHB Bernie Tatis 0-0: Ball
1-0: Called Strike
1-1: Foul Ball, location: 2F
1-2: Ground out 5-3 (Groundball, 5, EV 105.0 MPH)
Bottom of the 3rd over - 1 run, 2 hits, 0 errors, 1 left on base; Kingsport 1 - Bristol 3
TOP OF THE 4TH
Kingsport Cherokees batting - Pitching for Bristol Bees : RHP Floyd Youmans
Batting: RHB Timothy Smith 0-0: Ball
1-0: Foul Ball, location: 2F
1-1: Fly out, F9 (Flyball, 9, EV 89.4 MPH)
Batting: RHB Juan Baez 0-0: Foul Ball, location: 2F
0-1: Swinging Strike
0-2: Ball
1-2: Foul Ball, location: 2F
1-2: Strikes out swinging
Batting: RHB Glenn Edwards 0-0: Called Strike
0-1: Ball
1-1: Reached on error, E4 (Groundball, 34, EV 87.5 MPH)
Batting: RHB Jose Sanchez 0-0: Called Strike
0-1: Swinging Strike
0-2: Ball
1-2: Strikes out swinging
Top of the 4th over - 0 runs, 0 hits, 1 error, 1 left on base; Kingsport 1 - Bristol 3
BOTTOM OF THE 4TH
Bristol Bees batting - Pitching for Kingsport Cherokees : RHP Ivan Vasquez
Batting: RHB Glenallen Hill 0-0: Ball
1-0: Called Strike
1-1: Called Strike
1-2: Ball
2-2: Ground out 6-3 (Groundball, 6, EV 90.6 MPH)
Batting: RHB Juan Burgos 0-0: SINGLE (Groundball, 34D, EV 95.6 MPH)
Batting: RHB Rory Dixon 0-0: Ball
1-0: Called Strike
1-1: Ball
2-1: SINGLE (Groundball, 4MD, EV 97.5 MPH)
Juan Burgos to second
Runner from 2nd tries for 3rd, SAFE, throw by CF made to third
Batting: SHB Stan Jefferson 0-0: Ball
1-0: Ball
2-0: Called Strike
2-1: Called Strike
2-2: Strikes out swinging
Batting: RHB Timothy Utecht 0-0: Called Strike
0-1: Ball
1-1: Fly out, F4 (Flyball, 4D, EV 90.0 MPH)
Bottom of the 4th over - 0 runs, 2 hits, 0 errors, 2 left on base; Kingsport 1 - Bristol 3
TOP OF THE 5TH
Kingsport Cherokees batting - Pitching for Bristol Bees : RHP Floyd Youmans
Batting: SHB Terrence Derby 0-0: SINGLE (Groundball, 4MD, EV 101.3 MPH)
Batting: RHB Joseph Kramer 0-0: Ball
Terrence Derby is caught stealing 2nd base 2-4
1-0: Ball
2-0: Ball
3-0: Called Strike
3-1: DOUBLE (Groundball, 5L, EV 101.3 MPH)
Batting: LHB Ronald Davis 0-0: Ball
1-0: Foul Ball, location: 2F
1-1: 2-RUN HOME RUN (Flyball, 89XD, EV 101.9 MPH), Distance : 390 ft
Batting: RHB James Hudson 0-0: Swinging Strike
0-1: Ball
1-1: Ball
2-1: Ball
3-1: Base on Balls
Batting: LHB Peter Camelo 0-0: Called Strike
0-1: Fly out, F8 (Flyball, 8LD, EV 83.8 MPH)
Batting: RHB Timothy Smith 0-0: Ball
1-0: Ball
2-0: Foul Ball, location: 2F
2-1: Fielders Choice at 2nd, 6-4 (Groundball, 6, EV 85.0 MPH)
Top of the 5th over - 2 runs, 3 hits, 0 errors, 1 left on base; Kingsport 3 - Bristol 3
BOTTOM OF THE 5TH
Bristol Bees batting - Pitching for Kingsport Cherokees : RHP Ivan Vasquez
Batting: LHB Joe Orsulak 0-0: SINGLE (Groundball, 23, EV 70.6 MPH) (infield hit)
Batting: SHB Dale Sveum 0-0: Called Strike
0-1: Ball
1-1: Ball
2-1: Ball
3-1: Base on Balls
Joe Orsulak to second
Batting: RHB Jerome Kovar 0-0: Called Strike
0-1: Ball
Joe Orsulak steals 3rd base (no throw)
1-1: Ball
2-1: Swinging Strike
2-2: Fly out, F9 (Line Drive, 8RM, EV 96.9 MPH)
Runner from 3rd tags up, SCORES, no throw by RF
Batting: SHB Bernie Tatis 0-0: Called Strike
0-1: Ball
1-1: Ball
2-1: Foul Ball, location: 2F
2-2: Fielders Choice at 2nd, 3-6 (Groundball, 34, EV 85.6 MPH)
Batting: RHB Glenallen Hill 0-0: Ball
1-0: Ball
2-0: Ball
3-0: Base on Balls
Bernie Tatis to second
Batting: RHB Juan Burgos 0-0: SINGLE (Groundball, 25, EV 66.9 MPH) (infield hit)
Bernie Tatis to third
Glenallen Hill to second
Batting: RHB Rory Dixon 0-0: Ball
1-0: Called Strike
1-1: Foul Ball, location: 2F
1-2: Foul Ball, location: 2F
1-2: Ground out 3-1 (Groundball, 34, EV 84.4 MPH)
Bottom of the 5th over - 1 run, 2 hits, 0 errors, 3 left on base; Kingsport 3 - Bristol 4
TOP OF THE 6TH
Kingsport Cherokees batting - Pitching for Bristol Bees : RHP Floyd Youmans
Batting: RHB Juan Baez 0-0: Ball
1-0: Foul Ball, location: 2F
1-1: Foul Ball, location: 2F
1-2: Foul Ball, location: 2F
1-2: Foul Ball, location: 2F
1-2: Foul Ball, location: 2F
1-2: Ball
2-2: Foul Ball, location: 2F
2-2: Ball
3-2: Ground out 6-3 (Groundball, 56, EV 93.1 MPH)
Batting: RHB Glenn Edwards 0-0: Ball
1-0: Ball
2-0: Called Strike
2-1: Swinging Strike
2-2: Ball
3-2: Fly out, F7 (Flyball, 7, EV 95.6 MPH)
Batting: RHB Jose Sanchez 0-0: Called Strike
0-1: Ground out 4-3 (Groundball, 4, EV 92.5 MPH)
Top of the 6th over - 0 runs, 0 hits, 0 errors, 0 left on base; Kingsport 3 - Bristol 4
BOTTOM OF THE 6TH
Bristol Bees batting - Pitching for Kingsport Cherokees : RHP Ivan Vasquez
Pitching: LHP Harley Woody
Batting: SHB Stan Jefferson 0-0: Called Strike
0-1: Ball
1-1: Foul Ball, location: 2F
1-2: Strikes out looking
Batting: RHB Timothy Utecht 0-0: Single, Error in OF, E8, batter to second base (Line Drive, 8LS, EV 94.4 MPH)
Batting: LHB Joe Orsulak 0-0: Swinging Strike
0-1: Called Strike
0-2: Foul Ball, location: 2F
0-2: Foul Ball, location: 2F
0-2: Ball
1-2: SINGLE (Line Drive, 8RS, EV 110.6 MPH)
Timothy Utecht to third
Batting: SHB Dale Sveum 0-0: Called Strike
Joe Orsulak steals 2nd base
0-1: Ball
1-1: Swinging Strike
1-2: Ball
2-2: Foul Ball, location: 2F
2-2: Strikes out swinging
Batting: RHB Jerome Kovar 0-0: Called Strike
0-1: Ball
1-1: Ball
2-1: Ball
3-1: Called Strike
3-2: Base on Balls
Batting: SHB Bernie Tatis 0-0: Foul Ball, location: 2F
0-1: Ball
1-1: Ball
2-1: Ball
3-1: SINGLE (Groundball, 56D, EV 95.6 MPH)
Timothy Utecht scores
Joe Orsulak to third
Jerome Kovar to second
Runner from 3rd tries for Home, SAFE, throw by LF to home
Batting: RHB Glenallen Hill 0-0: Ball
1-0: Ball
2-0: Called Strike
2-1: Ball
3-1: Foul Ball, location: 2F
3-2: Base on Balls
Jerome Kovar to third
Bernie Tatis to second
Batting: RHB Juan Burgos 0-0: Ball
1-0: Foul Ball, location: 2F
1-1: Ground out 4-3 (Groundball, 4, EV 85.6 MPH)
Bottom of the 6th over - 2 runs, 3 hits, 1 error, 3 left on base; Kingsport 3 - Bristol 6
TOP OF THE 7TH
Kingsport Cherokees batting - Pitching for Bristol Bees : RHP Floyd Youmans
Batting: SHB Terrence Derby 0-0: Ball
1-0: Ball
2-0: Ball
3-0: Called Strike
3-1: Swinging Strike
3-2: Base on Balls
Batting: RHB Joseph Kramer 0-0: Foul Ball, location: 2F
0-1: Ball
1-1: Ball
2-1: Swinging Strike
2-2: Strikes out swinging
Batting: LHB Ronald Davis 0-0: Called Strike
0-1: Swinging Strike
0-2: Foul Ball, location: 2F
0-2: Foul Ball, location: 2F
0-2: Ball
1-2: Ball
2-2: Ball
3-2: Base on Balls
Terrence Derby to second
Batting: RHB James Hudson 0-0: Called Strike
0-1: Ball
1-1: Called Strike
1-2: Ball
2-2: Ball
3-2: Foul Ball, location: 2F
3-2: Base on Balls
Terrence Derby to third
Ronald Davis to second
Pitching: RHP Kevin Fehr
Batting: LHB Peter Camelo 0-0: Ball
1-0: Called Strike
1-1: Ball
2-1: Ball
3-1: Fly out, F7 (Flyball, 7LS, EV 90.6 MPH)
Batting: RHB Timothy Smith 0-0: Called Strike
0-1: Ball
1-1: Fly out, F7 (Flyball, 7, EV 90.0 MPH)
Top of the 7th over - 0 runs, 0 hits, 0 errors, 3 left on base; Kingsport 3 - Bristol 6
BOTTOM OF THE 7TH
Bristol Bees batting - Pitching for Kingsport Cherokees : LHP Harley Woody
Batting: RHB Rory Dixon 0-0: Ball
1-0: Called Strike
1-1: Ball
2-1: Called Strike
2-2: Strikes out swinging
Batting: SHB Stan Jefferson 0-0: Fly out, F7 (Flyball, 7, EV 91.9 MPH)
Batting: RHB Timothy Utecht 0-0: Called Strike
0-1: Ball
1-1: Foul Ball, location: 2F
1-2: Strikes out swinging, 2-3 out at first.
Bottom of the 7th over - 0 runs, 0 hits, 0 errors, 0 left on base; Kingsport 3 - Bristol 6
TOP OF THE 8TH
Kingsport Cherokees batting - Pitching for Bristol Bees : RHP Kevin Fehr
Batting: RHB Juan Baez 0-0: Called Strike
0-1: Called Strike
0-2: Ball
1-2: Ball
2-2: Strikes out swinging, 2-3 out at first.
Batting: RHB Glenn Edwards 0-0: Ball
1-0: Ball
2-0: Foul Ball, location: 2F
2-1: Foul Ball, location: 2F
2-2: Foul Ball, location: 2F
2-2: Ball
3-2: Fly out, F8 (Flyball, 8LS, EV 90.6 MPH)
Batting: RHB Jose Sanchez 0-0: SINGLE (Groundball, 6S, EV 67.5 MPH) (infield hit)
Batting: SHB Terrence Derby 0-0: Ball
1-0: SINGLE (Groundball, 4MS, EV 66.9 MPH) (infield hit)
Jose Sanchez to second
Batting: RHB Joseph Kramer 0-0: Swinging Strike
0-1: Ball
1-1: Fly out, F9 (Line Drive, 9, EV 103.8 MPH)
Top of the 8th over - 0 runs, 2 hits, 0 errors, 2 left on base; Kingsport 3 - Bristol 6
BOTTOM OF THE 8TH
Bristol Bees batting - Pitching for Kingsport Cherokees : LHP Harley Woody
Batting: LHB Joe Orsulak 0-0: TRIPLE (Flyball, 8LXD, EV 100.0 MPH)
Batting: SHB Dale Sveum 0-0: SINGLE (Line Drive, 78S, EV 93.1 MPH)
Joe Orsulak scores
Pitching: RHP Xavier Rivera
Batting: RHB Jerome Kovar 0-0: Called Strike
0-1: Fly out, F9 (Flyball, 9S, EV 92.5 MPH)
Batting: SHB Bernie Tatis 0-0: Ball
1-0: Foul Ball, location: 2F
1-1: Ball
2-1: Fielders Choice at 2nd, 1-6 (Groundball, 13S, EV 76.3 MPH)
Batting: RHB Glenallen Hill 0-0: Ball
1-0: Called Strike
Bernie Tatis steals 2nd base (no throw)
1-1: 2-RUN HOME RUN (Flyball, 7LD, EV 99.4 MPH), Distance : 348 ft
Batting: RHB Juan Burgos 0-0: Ground out 2-3 (Groundball, 13S, EV 69.4 MPH)
Bottom of the 8th over - 3 runs, 3 hits, 0 errors, 0 left on base; Kingsport 3 - Bristol 9
TOP OF THE 9TH
Kingsport Cherokees batting - Pitching for Bristol Bees : RHP Kevin Fehr
Batting: LHB Ronald Davis 0-0: Fly out, F7 (Flyball, 7S, EV 88.1 MPH)
Batting: RHB James Hudson 0-0: Ball
1-0: Ball
2-0: Swinging Strike
2-1: Ground out 6-3 (Groundball, 6, EV 81.9 MPH)
Batting: LHB Peter Camelo 0-0: Fly out, F8 (Line Drive, 8LD, EV 91.3 MPH)
Top of the 9th over - 0 runs, 0 hits, 0 errors, 0 left on base; Kingsport 3 - Bristol 9
Wednesday, August 12th, 2020 - OOTP Baseball 21.5 Build 76